 Dungeon Sprint DCSS version 0.30.1-4-g462c640d31 (webtiles) character file.

Game seed: 11920224276752161686

1680 Heoruswealwe the Nimble (level 8, -14/37 HPs)
             Began as a Spriggan Artificer on Aug 24, 2023.
             Was a Follower of Sif Muna.
             Shot with an arrow by a centaur warrior (23 damage)
             ... in the Dungeon (Sprint I: "Red Sonja").
             The game lasted 00:09:22 (368 turns).

Heoruswealwe the Nimble (Spriggan Artificer)         Turns: 368, Time: 00:09:22

Health: -14/37     AC:  3    Str:  8    XL:     8   Next: 70%
Magic:  23/23      EV: 25    Int: 14    God:    Sif Muna [*.....]
Gold:   764        SH:  0    Dex: 16    Spells: 28/28 levels left

rFire   . . .        a - +1 club (spect)
rCold   . . .        (no shield)
rNeg    . . .        c - +0 robe
rPois   .            (helmet restricted)
rElec   .            h - +0 cloak
rCorr   .            (gloves unavailable)
SInv    +            (boots unavailable)
Will    +....        (no amulet)
Stlth   ++++         (no ring)
HPRegen 0.26/turn    (no ring)
MPRegen 0.18/turn

%: no teleportation
@: very quick
A: very small, no large weapons, unfitting armour, see invisible, speed 3
a: Renounce Religion, Channel Magic


You were in the Dungeon.
You worshipped Sif Muna.
Sif Muna was aware of your devotion.
You visited 1 branch You collected 764 gold pieces.

Inventory:

Hand Weapons
 a - a +1 spectral club (weapon)
Missiles
 o - 2 poisoned darts (quivered)
Armour
 c - a +0 robe (worn)
 h - a +0 cloak (worn)
Wands
 d - a wand of charming (15)
 e - a wand of iceblast (2)
 l - a wand of mindburst (2)
Scrolls
 k - a scroll of blinking
 q - a scroll of vulnerability {unknown}
Potions
 f - 2 potions of curing
 i - 2 potions of magic
 j - a potion of berserk rage
 m - a potion of attraction {unknown}
 n - 2 potions of lignification {unknown}
 p - a potion of haste


   Skills:
 - Level 0.7 Fighting
 * Level 11.9 Dodging
 + Level 9.8 Stealth
 * Level 10.5 Spellcasting
 + Level 7.3 Hexes
 + Level 8.8 Translocations
 * Level 11.4 Transmutations
 + Level 9.1 Evocations


You had 28 spell levels left.
You didn't know any spells.
Your spell library was empty.

Dungeon Overview and Level Annotations

Branches:
Dungeon (1/1)

Altars:
Cheibriados
Dithmenos
Elyvilon
Fedhas
Gozag
Hepliaklqana
Kikubaaqudgha
Makhleb
Nemelex Xobeh
Okawaru
Qazlal
Ru
Sif Muna
Trog
Uskayaw
Vehumet
Wu Jian
Xom
Yredelemnul
Zin
The Shining One
Jiyva
Lugonu

Shops:
D (([


Innate Abilities, Weirdness & Mutations

You are very small and have problems with some larger weapons.
You are too small for most types of armour.
You have supernaturally acute eyesight. (SInv)
You cover ground extremely quickly. (Speed+++)


Message History

The centaur warrior is severely wounded.
Your +1 spectral club hits the centaur warrior but does no damage.
The centaur warrior hits your +1 spectral club but does no damage.
The centaur warrior kicks your +1 spectral club but does no damage.
The centaur warrior closely misses your +1 spectral club.
The centaur warrior kicks your +1 spectral club but does no damage.
You throw a curare-tipped dart.
The curare-tipped dart hits the centaur warrior.
The centaur warrior looks even sicker.
The centaur warrior convulses.
The centaur warrior seems to slow down.
The centaur warrior is almost dead.
Your +1 spectral club disappears.
The centaur warrior hits you!
The centaur warrior completely misses you.
The centaur warrior wields a +0 shortbow.
The centaur warrior shoots an arrow.
The arrow misses you.
There is an open door here.
The centaur warrior shoots an arrow.
The arrow closely misses you.
You throw a curare-tipped dart.
The curare-tipped dart closely misses the centaur warrior.
The centaur warrior shoots an arrow.
The arrow completely misses you.
You throw a curare-tipped dart.
The curare-tipped dart barely misses the centaur warrior.
The centaur warrior shoots an arrow.
The arrow hits you!
* * * LOW HITPOINT WARNING * * *
You feel better.
The centaur warrior shoots an arrow.
The arrow hits you!
* * * LOW HITPOINT WARNING * * *
There is an open door here.
You see here a +1 dagger of draining.
You feel better.
The centaur warrior shoots an arrow.
The arrow completely misses you.
You are too injured to fight recklessly!
Throw: 3 darts (poison)
Press: ? - help, Q - select action, (/) - cycle Shift-Dir - straight line, f/p - centaur warrior
Aim: a centaur warrior, wielding a +0 shortbow (almost dead, poisoned, slow, 67% to hit)
You throw a poisoned dart.
The poisoned dart barely misses the centaur warrior.
The centaur warrior shoots an arrow.
The arrow hits you!!
Ouch! That really hurt!
You die...

###################
#<.#).'..#..'..#__#
#..)[.#..').#..'..+
#..#####'#####'#__####
#..####..#...#.####$§#
#..#__####..##.#~~§§§#
#..#_____##'#_.+~c~§§+
#⌠⌠#_.∩...'..)_#~§~§c#
####_..__##_@#'##§####
#_____###'#.#[§§.###
############.####§###.##
#∩........'..c'.c...'.∩#
###++++####..(##########
###.### #.#'#.# #.....#
#.[...#


You could see a centaur warrior (poisoned, slow).

Vanquished Creatures
  Sonja (D)
  A deep troll (D)
  A slime creature (D)
  Sigmund (D)
  A yak (D)
  An ogre (D)
  A jelly (D)
  Ijyb (D)
  A ballistomycete spore (D)
9 creatures vanquished.

Vanquished Creatures (others)
  A ballistomycete spore (D)
1 creature vanquished.

Grand Total: 10 creatures vanquished

Notes
Turn   | Place    | Note
-------+----------+-------------------------------------------
     0 | D        | Heoruswealwe the Spriggan Artificer began the quest for the
                  | Orb.
     0 | D        | Reached XP level 1. HP: 9/9 MP: 2/2
     1 | D        | Noticed Ijyb
     4 | D        | Killed Ijyb
     5 | D        | Reached skill level 1 in Hexes
     5 | D        | Reached XP level 2. HP: 14/14 MP: 2/6
    13 | D        | Noticed an ogre
    21 | D        | Killed an ogre
    22 | D        | Reached skill level 5 in Transmutations
    22 | D        | Reached skill level 5 in Evocations
    22 | D        | Reached XP level 3. HP: 17/17 MP: 3/10
    22 | D        | Reached XP level 4. HP: 21/21 MP: 3/11
    40 | D        | Noticed Sigmund
    42 | D        | Killed Sigmund
    43 | D        | Reached skill level 5 in Translocations
    43 | D        | Reached XP level 5. HP: 25/25 MP: 5/14
    43 | D        | Reached XP level 6. HP: 29/29 MP: 5/16
    57 | D        | Found an ornate altar of the Wu Jian Council.
    57 | D        | Found a shimmering blue altar of Sif Muna.
    64 | D        | Found a radiant altar of Vehumet.
    69 | D        | Became a worshipper of Sif Muna the Loreminder
    92 | D        | Found Gisyif's Weapon Emporium.
    92 | D        | Found an ancient bone altar of Kikubaaqudgha.
    92 | D        | Found a hazy altar of Hepliaklqana.
    92 | D        | Found a stormy altar of Qazlal.
    92 | D        | Found a hide-covered altar of Uskayaw.
    92 | D        | Found a blossoming altar of Fedhas.
    92 | D        | Found a bloodstained altar of Trog.
    92 | D        | Found an iron altar of Okawaru.
    92 | D        | Found a basalt altar of Yredelemnul.
    92 | D        | Found a glowing golden altar of the Shining One.
    92 | D        | Found a snail-covered altar of Cheibriados.
    92 | D        | Found a sacrificial altar of Ru.
    92 | D        | Found a glowing silver altar of Zin.
    92 | D        | Found a shadowy altar of Dithmenos.
    92 | D        | Found a white marble altar of Elyvilon.
    92 | D        | Noticed a yak
   103 | D        | Killed a yak
   104 | D        | Reached skill level 5 in Hexes
   112 | D        | Found an opulent altar of Gozag.
   113 | D        | Found a sparkling altar of Nemelex Xobeh.
   130 | D        | Found a burning altar of Makhleb.
   130 | D        | Found a viscous altar of Jiyva.
   130 | D        | Found a shimmering altar of Xom.
   130 | D        | Found a corrupted altar of Lugonu.
   130 | D        | Noticed a slime creature
   150 | D        | Killed a slime creature
   151 | D        | Reached XP level 7. HP: 32/32 MP: 16/19
   169 | D        | Noticed Sonja
   171 | D        | Killed Sonja
   171 | D        | Reached * piety under Sif Muna
   172 | D        | Reached skill level 10 in Transmutations
   172 | D        | Reached XP level 8. HP: 37/37 MP: 19/22
   255 | D        | Found Keloc's Weapon Boutique.
   295 | D        | Noticed a deep troll
   298 | D        | Killed a deep troll
   299 | D        | Reached skill level 10 in Spellcasting
   310 | D        | Found Nodwem's Armour Emporium.
   336 | D        | Noticed a centaur warrior
   340 | D        | Noticed a centaur warrior
   368 | D        | Shot with an arrow by a centaur warrior

Illustrated notes

Levels and vault maps discovered:
D:        dungeon_sprint_1 [red_sonja_temple_1, red_sonja_temple_small_1]

Skill      XL: |  1  2  3  4  5  6  7  8 |
---------------+-------------------------+-----
Dodging        | 4 6 7 9 11 | 11.9
Stealth        | 3 4 6 7 9 |  9.8
Spellcasting   | 2 4 6 8 9 10 | 10.5
Hexes          | 1 3 4 5 6 7 |  7.3
Translocations | 2 3 5 6 8 |  8.8
Transmutations | 3 5 7 9 10 11 | 11.4
Evocations     | 5 6 7 8 9 |  9.1
Fighting       | |  0.7

Action                     |  1- 3 |  4- 6 |  7- 9 || total
---------------------------+-------+-------+-------++-------
  Melee: Club              |       |       |     2 ||     2
         Punch             |       |       |     1 ||     1
  Throw: Dart              |       |       |     7 ||     7
  Evoke: Wand              |     6 |    17 |     5 ||    28
    Use: Potion            |       |       |     3 ||     3
   Stab: Sleeping          |       |       |     1 ||     1
  Dodge: Dodged            |       |     1 |     8 ||     9
